 Dungeon Crawl Stone Soup version 0.19.4-10-g532645f (webtiles) character file.

87 nikopol the Skirmisher (level 4, 0/61 HPs)
             Began as a Minotaur Berserker on Feb 25, 2017.
             Was a Believer of Trog.
             Slain by a gnoll
             ... wielding a +0 flail
              (1 damage)
             ... on level 3 of the Dungeon.
             The game lasted 00:04:21 (1547 turns).

nikopol the Skirmisher (Minotaur Berserker)         Turns: 1547, Time: 00:04:22

Health: 0/61       AC:  6    Str: 27    XL:     4   Next: 28%
Magic:  3/3        EV: 11    Int:  4    God:    Trog [**....]
Gold:   68         SH:  0    Dex: 10    Spells: 0 memorised, 3 levels left

rFire  . . .     SeeInvis .     a - +0 hand axe
rCold  . . .     Gourm    .     s - +0 scale mail
rNeg   . . .     Faith    .     (no shield)
rPois  .         Spirit   .     (helmet restricted)
rElec  .         Reflect  .     (no cloak)
rCorr  .         Harm     .     (no gloves)
MR     .....                    (no boots)
Stlth  ..........               (no amulet)
                                (no ring)
                                (no ring)

@: berserking, very quick
A: retaliatory headbutt, horns 2
a: Berserk, Trog's Hand, Burn Spellbooks, Renounce Religion


You were on level 3 of the Dungeon.
You worshipped Trog.
Trog was pleased with you.
You were hungry.

You visited 1 branch of the dungeon, and saw 3 of its levels.

You collected 68 gold pieces.

Inventory:

Hand Weapons
 a - a +0 hand axe (weapon)
Missiles
 h - 27 arrows (quivered)
Armour
 b - a +0 animal skin
 s - a +0 scale mail (worn)
Jewellery
 i - an uncursed ring of ice {unknown}
 n - an uncursed amulet of magic regeneration {unknown}
 r - a cursed ring of teleportation {unknown}
 u - an uncursed amulet of rage {unknown}
Scrolls
 d - a scroll of recharging {unknown}
 f - a scroll of amnesia {unknown}
 g - a scroll of enchant weapon {unknown}
 j - a scroll of fog {unknown}
 k - 4 scrolls of teleportation {unknown}
 l - a scroll of fear {unknown}
 q - a scroll of remove curse {unknown}
 t - a scroll of identify {unknown}
 w - a scroll of random uselessness {unknown}
Potions
 e - 2 potions of ambrosia {unknown}
 v - a potion of curing {unknown}
Comestibles
 c - 4 bread rations
 m - 4 chunks of flesh
 o - a meat ration
 p - a beef jerky


   Skills:
 + Level 4.7 Fighting
 + Level 4.3 Axes
 + Level 3.4 Armour
 + Level 2.8 Dodging


You had 3 spell levels left.
You didn't know any spells.

Dungeon Overview and Level Annotations

Branches:
Dungeon (3/15)

Altars:


Innate Abilities, Weirdness & Mutations

You reflexively headbutt those who attack you in melee.
You have a pair of horns on your head.


Message History

You are too injured to fight recklessly!
You are too injured to fight recklessly!
You are too injured to fight recklessly!
You are too injured to fight recklessly!
You are too injured to fight recklessly!
You are too injured to fight recklessly!
You are too injured to fight recklessly!
You are too injured to fight recklessly!
You are too injured to fight recklessly!
You are too injured to fight recklessly!
You are too injured to fight recklessly!
A red film seems to cover your vision as you go berserk!
You feel yourself moving faster!
You feel mighty!
You are feeling hungry.
The iguana bites you.
* * * LOW HITPOINT WARNING * * *
The gnoll hits you from afar with a halberd.
* * * LOW HITPOINT WARNING * * *
The gnoll hits you with a flail.
You die...

#.........##
#..........#
##........##
#####..........#
...#..........#
#.##..........####
##.##.......<.)....
.#####g.................
.....gg@##.........#####
..####gl..........##
...##.######.... ..###
#.# ####. ... #.. .#
.... .. ##.


You could see an iguana, 3 gnolls and a hobgoblin.

Vanquished Creatures
  Terence (D:2)
  2 adders (D:2)
  A worm (D:2)
  2 leopard geckos (D:2)
  A giant cockroach (D:1)
  5 goblins
  6 hobgoblins
  8 kobolds
  2 quokkas (D:2)
  5 bats
  2 frilled lizards
  4 rats
39 creatures vanquished.

Notes
Turn   | Place    | Note
-------+----------+-------------------------------------------
     0 | D:1      | nikopol the Minotaur Berserker began the quest for the Orb.
     0 | D:1      | Reached XP level 1. HP: 19/19 MP: 0/0
   661 | D:1      | Reached XP level 2. HP: 27/27 MP: 1/1
   983 | D:2      | Reached XP level 3. HP: 30/34 MP: 2/2
  1303 | D:2      | Reached ** piety under Trog
  1407 | D:2      | Noticed Terence
  1416 | D:2      | Killed Terence
  1416 | D:2      | Reached XP level 4. HP: 41/41 MP: 3/3
  1547 | D:3      | HP: 3/61 [iguana (3)]
  1547 | D:3      | HP: 1/61 [gnoll/halberd (2)]
  1547 | D:3      | Slain by a gnoll

Skill      XL: |  1  2  3 |
---------------+----------+-----
Fighting       | 4 |  4.7
Axes           | 4 |  4.3
Armour         | 3 |  3.4
Dodging        | |  2.8

Action                   |  1- 3 |  4- 6 || total
-------------------------+-------+-------++-------
Melee: Hand axe          |    62 |    16 ||    78
       Headbutt          |     5 |     2 ||     7
Invok: Berserk           |     1 |     1 ||     2
  Eat: Chunk             |     2 |     1 ||     3
Armor: Animal skin       |     5 |       ||     5
       Scale mail        |     9 |     2 ||    11
Dodge: Dodged            |    48 |    13 ||    61
